cohdb
Replays
Latest Replays
All Replays
Popular Replays
Top Player Replays
Match Explorer
How It Works
Community
CoH3 Stats
Reddit
Sign in to upload your games and track your stats! →
Sign in with Steam
Match 42565663
Unlisted
Match 42565663
Overview
Messages
Build Orders
End
Kettenkrad Recon Vehicle
Construct Infanterie Kompanie
Selects Terror Battlegroup
Selects Machine Gun Camouflage
MG 42 Machine Gun Team
Grenadier Squad
GrW 34 Mortar Team
MG 42 Machine Gun Team
Construct Luftwaffe Kompanie
221 Scout Car
Selects Contempt for the Weak
Jäger Squad
Luftwaffe Officer Quarters
Jäger Squad
Kettenkrad Recon Vehicle
Construct Panzergrenadier Kompanie
Support Elements
Selects Defend the Fatherland
Nebelwerfer 42 Rocket Launcher Team
Nebelwerfer 42 Rocket Launcher Team
Construct Panzer Kompanie
Stoßtruppen Squad
Panzer IV Medium Tank
Jäger Squad
Medical Bunker
Wirbelwind Flakpanzer
Selects King Tiger Heavy Tank
Dctore
Valdai
Sailor
Loona
Geffery
ILuvSilicon
0
0
Comments
sign in to comment!
No comments posted yet!